Unix NetHack Version 5.0.0-0 post-release - last build May 30 2026 05:04:26 (55804bc15828dd6e32e9076e0726aa6fccb6e981,branch:main).

Game began 2026-05-29 19:10:51, ended 2026-05-30 13:20:28.

Japes, lawful female human Valkyrie

                                                   ------
                                                   |....|
                                                  #.<...-
 -----                                            #|....|
 |...|                           -------------    #----.-
 |...|                           |C.........C|#####    #
 |...|##########                 |..[..C.....|#        #
 |...|#      --@--------         |...-----...-#        #        -------
 -|---#      |..@......|         |...|.{.|...|         #     ###......|
  #####      |.........|         |..C.{.{|C..|         #     ###|>....|
             |.........|         |...|.{.|...|##########     # #+.....|
             |.........|         |...-----...|# #  ------  ###  -------
             -------|---         |.....C.....|# ###.....|  #
                    ######       |C.........C|#    |....|  #
                         ######  -------------#    |...[.###
                              #################    |....|
                                                   |....|
                                                   ------

Japes the Fighter           St:18/01 Dx:12 Co:17 In:11 Wi:7 Ch:8  Lawful
Dlvl:6  $:327 HP:0(60) Pw:14(14) AC:1  Xp:7/894 T:4408 

Latest messages:
 The water nymph steals a +1 elven leather helm!
 The water nymph vanishes!
 You kill the kobold!
 You learn more about your items by comparing them.
 d - 2 uncursed food rations (9 in total).
 Q - a green gem.
 The door opens.
 You see here a scroll labeled THARR.
 R - a scroll labeled THARR.
 The door opens.
 This door is locked.
 Unlock it with your key? [ynq] (q)
 You succeed in unlocking the door.
 The door opens.
 You destroy the gnome zombie!
 You see here a dagger.
 You learn more about your items by comparing them.
 b - a +0 dagger (alternate weapon; not wielded) (2 in total).
 The Woodland-elf zaps a steel wand!
 The wand hits the Woodland-elf!
 The wand hits the Woodland-elf!
 The Woodland-elf hits!
 The Woodland-elf wields an elven broadsword!
 You miss the Woodland-elf.
 You kill the Woodland-elf!
 The Woodland-elf wields an elven bow!
 The Woodland-elf picks up an elven leather helm.
 The Woodland-elf throws an elven dagger!
 The elven dagger hits the Woodland-elf.
 The Woodland-elf is killed!
 The Woodland-elf picks up an elven dagger.
 You kill the Woodland-elf!
 The Woodland-elf zaps a wand of striking!
 The wand hits you!
 There is an open door here.
 There are several objects here.
 The Woodland-elf wields an elven short sword!
 V - an elven leather helm.
 Z - an elven leather helm.
 e - an elven leather helm.
 You have a little trouble lifting an elven mithril-coat.  Continue? [ynq] (q)
 You hit the Woodland-elf!
 The Woodland-elf zaps a wand of striking!
 The wand hits you!
 You hit the Woodland-elf!
 The Woodland-elf zaps a wand of striking!
 The wand hits you!
 You die...
 Do you want your possessions identified? [ynq] (y)
 Do you want to see your attributes? [ynq] (y)

Inventory:
 Coins    ('$')
  $ - 327 gold pieces
 Weapons  (')')
  o - 8 +0 darts
  b - 2 +0 daggers (alternate weapons; not wielded)
  U - a +2 elven dagger
  a - a +1 spear (weapon in right hand)
  r - a blessed +2 quarterstaff
 Armor    ('[')
  e - an uncursed +0 elven leather helm
  V - an uncursed +0 elven leather helm
  Z - an uncursed +0 elven leather helm
  c - an uncursed +3 small shield (being worn)
  P - an uncursed +0 elven mithril-coat (being worn)
 Comestibles  ('%')
  Y - an uncursed venti hot decaf vanilla latte
  N - an uncursed apple
  u - 2 uncursed cream pies
  q - 2 uncursed eucalyptus leaves
  d - 9 uncursed food rations
  z - 4 uncursed tripe rations
 Scrolls  ('?')
  B - an uncursed scroll of amnesia
  R - a blessed scroll of confuse monster
  s - an uncursed scroll of earth
  t - a cursed scroll of earth
  T - a blessed scroll of enchant weapon
  H - an uncursed scroll of enchant weapon
  A - 2 uncursed scrolls of food detection
  v - a cursed scroll of light
  f - an uncursed scroll of magic mapping
  F - 2 uncursed scrolls of scare monster
  K - an uncursed scroll of stinking cloud
 Spellbooks  ('+')
  G - an uncursed spellbook of create monster
 Potions  ('!')
  m - an uncursed potion of blindness
  I - an uncursed potion of booze
  W - a blessed potion of confusion
  h - a blessed potion of healing
  E - 2 uncursed potions of object detection
  j - a cursed potion of polymorph
 Rings    ('=')
  O - an uncursed ring of cold resistance (on right hand)
  l - an uncursed ring of hunger
  S - a cursed -2 ring of increase accuracy (on left hand)
  X - an uncursed ring of polymorph control
 Wands    ('/')
  L - a wand of digging (0:3)
  n - a wand of fire (0:8)
  D - a wand of sleep (0:3)
  M - a wand of slow monster (0:6)
 Tools    ('(')
  J - a bag of tricks (0:16)
  x - an uncursed bugle
  p - an uncursed mirror
  k - an uncursed skeleton key
 Gems/Stones  ('*')
  i - an uncursed worthless piece of black glass
  Q - an uncursed worthless piece of green glass
  y - an uncursed worthless piece of white glass
  g - 2 cursed worthless pieces of yellowish brown glass

Japes the Valkyrie's attributes:

Background:
 You were a Fighter, a level 7 human Valkyrie.
 You were lawful, on a mission for Tyr
 who was opposed by Odin (neutral) and Loki (chaotic).
 You were right-handed.
 You were in the Dungeons of Doom, on level 6.
 You entered the dungeon 4408 turns ago.
 You had 894 experience points, 386 more were needed to attain level 8.

Basics:
 You had 0 out of 60 hit points.
 You had all 14 energy points (spell power).
 Your armor class was 1.
 Your wallet contained 327 zorkmids.
 Autopickup was on for '$' plus thrown.

Final Characteristics:
 Your strength was 18/01 (limit:18/100).
 Your dexterity was 12 (limit:18).
 Your constitution was 17 (peak:18, limit:18).
 Your intelligence was 11 (limit:18).
 Your wisdom was 7 (limit:18).
 Your charisma was 8 (limit:18).

Final Status:
 You weren't hungry.
 You were unencumbered.
 You were wielding a spear.
 You had basic skill with spear and could have enhanced that.

Final Attributes:
 You were piously aligned.
 You were cold resistant.
 Your items were protected from cold.
 You were telepathic.
 You were stealthy.
 You had a small penalty to hit (-2).
 You were guarded.
 You were fast.
 You are dead.

Miscellaneous:
 You didn't encounter any bones levels.
 Total elapsed playing time was 1 hour, 23 minutes and 9 seconds.

Major events:
 Turn
    1: Japes the lawful human Valkyrie entered the dungeon
  783: attained the rank of Skirmisher (level 3)
 1127: entered the Gnomish Mines
 2399: entered Sokoban
 2711: completed 1st Sokoban level
 3013: attained the rank of Fighter (level 6)
 3157: completed 2nd Sokoban level
 3531: completed 3rd Sokoban level
 4408: killed by a wand

You didn't know any spells.

Skills:
 Fighting Skills
   bare handed combat [Unskilled]
   two weapon combat  [Unskilled]
   riding             [Unskilled]
 Weapon Skills
   dagger             [Basic]
   axe                [Unskilled]
   pick-axe           [Unskilled]
   short sword        [Unskilled]
   broadsword         [Unskilled]
   long sword         [Unskilled]
   two-handed sword   [Unskilled]
   saber              [Unskilled]
   hammer             [Unskilled]
   quarterstaff       [Unskilled]
   polearms           [Unskilled]
   spear              [Basic]
   trident            [Unskilled]
   lance              [Unskilled]
   sling              [Unskilled]
 Spellcasting Skills
   attack spells      [Unskilled]
   escape spells      [Unskilled]

Voluntary challenges:
 Character rerolling was not enabled.
 You never genocided any monsters.
 You never polymorphed an object.
 You never changed form.
 You used no wishes.
 You did not violate any of the special Sokoban rules.
Achievements:
 You attained the rank of Skirmisher.
 You entered the Gnomish Mines.
 You entered Sokoban.
 You attained the rank of Fighter.

 The Dungeons of Doom: levels 1 to 7
    Level 1:
       A fountain, a sink.
    Level 2:
    Level 3:
       Some fountains.
    Level 4:
       A fountain.
       Stairs down to The Gnomish Mines.
    Level 5:
    Level 6: <- You were here.
       Many fountains.
       Final resting place for
          you, killed by a wand.
    Level 7:
       Stairs up to Sokoban, level 6.
 The Gnomish Mines:
    Level 5:
 Sokoban: levels 6 up to 3
    Level 3:
       Unsolved.
    Level 4:
       Solved.
    Level 5:
       Solved.
    Level 6:
       Solved.


Vanquished creatures:
  3 wargs
  a wood golem
  3 Grey-elves
  2 leprechauns
  3 Woodland-elves
  a wood nymph
  a water nymph
  a pony
  4 elf zombies
  2 giant ants
  2 floating eyes
  a homunculus
  5 hill orcs
  a rothe
 an orc zombie
  a werejackal
  8 killer bees
 an acid blob
  2 hobbits
  a hobgoblin
  3 green molds
  7 garter snakes
  2 gnome zombies
  4 geckos
  2 jackals
  a kobold
  5 goblins
  a sewer rat
  6 grid bugs
  3 lichens
  a kobold zombie
  8 newts
87 creatures vanquished.

No species were genocided or became extinct.

Game over:
                       ----------
                      /          \
                     /    REST    \
                    /      IN      \
                   /     PEACE      \
                  /                  \
                  |      Japes       |
                  |      327 Au      |
                  | killed by a wand |
                  |                  |
                  |                  |
                  |                  |
                  |       2026       |
                 *|     *  *  *      | *
        _________)/\\_//(\/(/\)/\//\/|_)_______

Farvel Japes the Valkyrie...

You died in The Dungeons of Doom on dungeon level 6 with 4191 points,
and 327 pieces of gold, after 4408 moves.
You were level 7 with a maximum of 60 hit points when you died.

